 Dungeon Crawl Stone Soup version 0.22-a0-247-gbddf880 (webtiles) character file.

1730960 Vectris71 the Conqueror (level 27, 137/185 HPs)
             Began as a Gargoyle Fighter on Feb 22, 2018.
             Was the Champion of Okawaru.
             Escaped with the Orb
             ... and 3 runes on Feb 23, 2018!
             The game lasted 07:48:44 (70431 turns).

Vectris71 the Conqueror (Gargoyle Fighter)         Turns: 70431, Time: 07:48:45

Health: 137/185    AC: 78    Str: 23    XL:     27
Magic:  34/34      EV: 16    Int: 13    God:    Okawaru [******]
Gold:   3360       SH: 24    Dex: 18    Spells: 26/26 levels left

rFire    + + +     SeeInvis .   a - +9 demon whip (freeze)
rCold    + . .     Gourm    .   d - +4 shield {rC+}
rNeg     + + +     Faith    .   p - +11 crystal plate armour
rPois    ∞         Spirit   .   P - +0 helmet of Vythel {rPois rF+}
rElec    +         Reflect  +   X - +2 cloak {MR+}
rCorr    .         Harm     .   B - +3 pair of gauntlets of War {Slay+5}
MR       +++++                  m - +1 pair of boots
Stlth    ..........             z - +5 amulet of reflection
HPRegen  0.00/turn              Z - ring of Optimism {*Drain rF+ rN+++ Slay+2 Stlth+}
MPRegen  0.24/turn              C - ring of the Mage {Wiz MR++ Int+3}

@: flying
A: big wings, talons 1, rugged brown scales 1, fire resistance 1, frail 1,
negative energy resistance 1, electricity resistance, inhibited regeneration,
unbreathing, petrification resistance, rot immunity, AC +20
0: Orb of Zot
}: 3/15 runes: decaying, silver, gossamer
a: Stop Flying, Heroism, Finesse, Renounce Religion


You escaped.
You worshipped Okawaru.
Okawaru was exalted by your worship.
You were hungry.

You visited 10 branches of the dungeon, and saw 50 of its levels.
You visited the Abyss 1 time.
You also visited: Labyrinth, Trove, Ice Cave and Volcano.

You collected 9462 gold pieces.
You spent 6102 gold pieces at shops.

Inventory:

Hand Weapons
 a - a +9 demon whip of freezing (weapon)
 y - a +5 eveningstar of flaming
Missiles
 H - 4 throwing nets (quivered)
Armour
 d - a +4 shield of cold resistance (worn)
 m - a +1 pair of boots (worn)
 p - a +11 crystal plate armour (worn)
 B - the +3 pair of gauntlets of War (worn) {Slay+5}
   (You found it on level 6 of the Lair of Beasts)

   It affects your accuracy and damage with ranged weapons and melee attacks
   (+5).
 P - the +0 helmet of Vythel (worn) {rPois rF+}
   (Okawaru gifted it to you on level 3 of the Depths)

   It protects you from fire.
   It protects you from poison.
 X - a +2 cloak of magic resistance (worn)
Jewellery
 z - a +5 amulet of reflection (around neck)
 C - the ring of the Mage (right hand) {Wiz MR++ Int+3}
   (You took it off a deep elf annihilator on level 3 of the Elven Halls)

   [ring of wizardry]

   It improves your spell success rate.
   It affects your intelligence (+3).
   It affects your resistance to hostile enchantments.
 Z - the ring of Optimism (left hand) {*Drain rF+ rN+++ Slay+2 Stlth+}
   (You found it on level 1 of the Vaults)

   [ring of slaying]

   It affects your accuracy and damage with ranged weapons and melee attacks
   (+2).
   It protects you from fire.
   It renders you almost immune to negative energy.
   It causes draining when unequipped.
   It makes you more stealthy.
Wands
 g - a wand of iceblast (27)
 h - a wand of disintegration (22)
 F - a wand of digging (60)
 G - a wand of clouds (20)
 I - a wand of enslavement (9)
 R - a wand of paralysis (40)
 U - a wand of acid (65)
Scrolls
 e - 15 scrolls of magic mapping
 j - 6 scrolls of fear
 l - 35 scrolls of remove curse
 t - 3 scrolls of fog
 u - a scroll of identify
 v - 5 scrolls of blinking
 D - 5 scrolls of immolation
 E - 8 scrolls of teleportation
 J - 2 scrolls of summoning
 M - a scroll of enchant armour
 T - 2 scrolls of holy word
 V - 2 scrolls of silence
Potions
 b - a potion of ambrosia
 c - 5 potions of mutation
 n - 7 potions of resistance
 o - 24 potions of curing
 r - 4 potions of berserk rage
 s - 3 potions of cancellation
 w - 8 potions of haste
 x - 13 potions of agility
 A - 7 potions of heal wounds
 L - 2 potions of invisibility
 N - a potion of magic
 O - 6 potions of might
 Y - 5 potions of brilliance
Miscellaneous
 i - a phial of floods
 k - a phantom mirror
 q - 2 boxes of beasts
 Q - 4 sacks of spiders
Comestibles
 f - 90 rations


   Skills:
 O Level 27 Fighting
 * Level 20.6 Maces & Flails
 - Level 26.0 Armour
 + Level 17.5 Dodging
 + Level 17.5 Shields
 - Level 8.0 Invocations
 - Level 15.0 Evocations


You had 26 spell levels left.
You didn't know any spells.

Dungeon Overview and Level Annotations

Branches:
Dungeon (15/15)            Temple (1/1) D:7            Lair (6/6) D:10
  Swamp (4/4) Lair:2       Spider (4/4) Lair:2        Slime (0/5) Lair:5
    Orc (2/2) D:10            Elf (3/3) Orc:2        Vaults (5/5) D:14
  Crypt (0/3) Vaults:3     Depths (5/5) D:15            Zot (5/5) Depths:5

Altars:
Ashenzari
Cheibriados
Dithmenos
Elyvilon
Fedhas
Gozag
Hepliaklqana
Kikubaaqudgha
Makhleb
Nemelex Xobeh
Okawaru
Qazlal
Ru
Sif Muna
Trog
Uskayaw
Vehumet
Wu Jian
Xom
Yredelemnul
Zin
The Shining One
Beogh
Jiyva

Shops:
D:6 =   D:12 [   D:14 *   Orc:1 (   Orc:2 :[((*   Elf:2 [   Vaults:3 %([
Vaults:5 !}:[

Portals:
Hell: Depths:1 Depths:2 Depths:3 Depths:4 Depths:5
Abyss: Depths:1 Depths:4
Pandemonium: Depths:2 Depths:3 Depths:4
Ziggurat: Depths:2

Annotations:
Lair:1 Sonja
Lair:4 exclusion: 4 oklob plants
Depths:4 exclusion: orange crystal statue


Innate Abilities, Weirdness & Mutations

You are resistant to torment.
Your stone body is resilient. (AC +20)
You are immune to poison.
Your large and strong wings let you fly indefinitely.
You resist negative energy. (rN+)
You are resistant to electric shocks. (rElec)
You can survive without breathing.
You are immune to petrification.
You are immune to rotting.
You have sharp toenails.
You are partially covered in rugged brown scales. (AC +1, +3% HP)
Your flesh is heat resistant. (rF+)
You are frail. (-10% HP)
You do not regenerate when monsters are visible.


Message History

A hellwing comes into view.
That item cannot be evoked!
Evoke which item? (* to show all) (? for menu, Esc to quit)
Aiming: Dig
Press: ? - help, Shift-Dir - straight line The rock shatters into small pieces.
An Orb Guardian comes into view.
You block the Orb Guardian's attack.
The Orb Guardian hits you but does no damage.
The Orb Guardian closely misses you.
The Orb Guardian hits you but does no damage.
You block the Orb Guardian's attack.
The hellwing swoops through the air toward you!
The hellwing hits you but does no damage.
You block the hellwing's attack. You block the Orb Guardian's attack.
There is a staircase leading out of the dungeon here.
You block the hellwing's attack.
The hellwing hits you but does no damage.
The Orb Guardian completely misses you.
You have escaped!

.#.##.## #........#####..........
.#.#.PP################..........
.#..PP...........................
.###.♣.##############.##.........
.#........)......................
.#.########.#.#.#.#.#.##.......[.
.#.# #.#.#.#.#.#.#.#.........
.#.# ###.#.≈≈X≈≈.#.##.........
.#.# #..#.#≈.@.≈#.#[########..
.#.######.#.#.≈4..≈.#.## #..
...........#.#≈...≈#.#.# ###
#########.#.#.≈≈≈≈≈.#.##
#..#.#.#.#.#.#.# #.#.#.#.#.#.#.##
#...########### #####


You could see an Orb Guardian and a hellwing.

Vanquished Creatures
  Tiamat (Zot:4)
  5 orbs of fire (Zot:5)
  Mennas (Vaults:3)
  6 ancient liches
  Sojobo (Vaults:2)
  Boris (Depths:4)
  Frederick (Depths:3)
  Bai Suzhen (Swamp:4)
  5 caustic shrikes
  A curse toe (Zot:2)
  5 Killer Klowns
  13 golden dragons
  A bone dragon (Depths:5)
  Arachne (Spider:4)
  Jorgrun (Vaults:5)
  3 electric golems
  An iron giant (shapeshifter) (Depths:3)
  19 tentacled monstrosities
  Rupert (D:12)
  26 Orb Guardians
  3 liches
  6 quicksilver dragons
  2 deep elf blademasters (Elf:3)
  6 titans
  Asterion (Depths:2)
  Agnes (Spider:4)
  5 sphinxes
  Donald (Swamp:4)
  12 death cobs
  10 tengu reavers
  17 storm dragons
  2 revenants (Vaults:3)
  13 shadow dragons
  6 draconian monks
  17 fire giants
  11 deep elf sorcerers
  An emperor scorpion (shapeshifter) (Vaults:5)
  10 draconian knights
  23 frost giants
  13 vault wardens
  2 iron dragons
  4 deep elf elementalists
  7 draconian shifters
  8 ghost moths
  4 emperor scorpions (Spider:4)
  8 draconian scorchers
  An orc warlord (Orc:2)
  Louise (Depths:1)
  3 ghouls
  7 draconian stormcallers
  A caustic shrike zombie (Depths:4)
  A reaper (Depths:4)
  3 spriggan defenders
  19 ironheart preservers
  20 stone giants
  4 entropy weavers
  4 war gargoyles (Vaults:5)
  4 draconian annihilators
  21 very ugly things
  12 black draconians
  3 deep elf demonologists
  6 deep elf annihilators
  Nessos (D:14)
  3 vampire knights
  12 yellow draconians
  21 green draconians
  12 purple draconians
  14 white draconians
  A minotaur (Lab)
  14 spark wasps
  15 red draconians
  14 ettins
  A blizzard demon (Depths:2)
  A merfolk javelineer (Depths:3)
  5 deep elf high priests
  9 deep elf death magi
  2 merfolk impalers (Depths:5)
  17 yaktaur captains
  14 fire dragons
  Erolcha (D:11)
  18 ice dragons
  7 rakshasas
  6 spriggan air magi
  34 vault guards
  9 great orbs of eyes
  Harold (Lair:2)
  A death knight (Vaults:2)
  The ghost of Dysjunc the Merchant of Misery, a journeyman GnNe of Kikubaaqudgha (D:10)
  9 hydras
  6 centaur warriors
  3 ghost crabs
  33 two-headed ogres
  31 dancing weapons
  11 ogre magi
  8 alligators
  8 deep troll earth magi
  13 spriggan berserkers
  3 deep troll shamans
  Urug (D:14)
  3 vampire magi
  6 tengu warriors
  2 orc high priests (Orc:2)
  24 deep elf knights
  A shock serpent (shapeshifter) (D:15)
  8 hell knights (Depths:3)
  A fire crab (Swamp:4)
  A sixfirhy (Depths:4)
  A salamander mystic (Depths:2)
  18 deep trolls
  3 shadow wraiths
  11 swamp dragons
  9 wizards
  A shambling mangrove (Swamp:1)
  3 unseen horrors (Vaults:1)
  A golden dragon zombie (Depths:4)
  2 flayed ghosts
  2 spriggan druids (Swamp:3)
  2 glowing orange brains
  17 deep elf archers
  A wolf spider zombie (D:12)
  3 harpies (Vaults:5)
  3 phantasmal warriors
  A tengu skeleton (Vaults:5)
  74 deep elf magi
  18 ironbrand convokers
  4 necromancers
  A golden dragon skeleton (Depths:4)
  A wolf spider (shapeshifter) (Vaults:4)
  2 lindwurms
  12 orc knights
  21 orb spiders
  4 orc sorcerers
  42 wolf spiders
  2 human zombies
  2 manticores
  3 salamanders (Depths:2)
  34 ugly things
  2 salamanders (shapeshifter)
  A stone giant zombie (Vaults:5)
  8 cyclopes
  2 shadow dragon skeletons (Depths:4)
  23 moths of wrath
  A manticore (shapeshifter) (Vaults:2)
  An iron dragon skeleton (Depths:4)
  12 vault sentinels
  A guardian serpent (shapeshifter) (Elf:2)
  3 ice statues
  A water nymph (shapeshifter) (Vaults:4)
  4 black mambas
  A storm dragon simulacrum (Depths:4)
  15 elephants
  A spriggan zombie (Depths:4)
  6 molten gargoyles
  2 torpor snails
  13 spiny frogs
  4 smoke demons
  3 kobold demonologists
  5 gargoyles
  3 centaur skeletons
  A rime drake (shapeshifter) (Vaults:1)
  2 yaktaurs (shapeshifter)
  3 efreet
  43 yaktaurs
  3 freezing wraiths
  A komodo dragon (shapeshifter) (Depths:2)
  12 demonic crawlers
  8 komodo dragons
  6 tengu conjurers
  A guardian mummy (Vaults:1)
  5 ice devils
  7 hellwings
  30 jumping spiders
  2 tyrant leeches
  2 human skeletons
  A queen bee (Depths:3)
  6 meliai
  7 red devils
  9 trolls
  A tengu simulacrum (Depths:4)
  3 trolls (shapeshifter)
  A polar bear (shapeshifter) (Vaults:2)
  16 polar bears
  A wind drake (shapeshifter) (Depths:4)
  24 hornets
  4 blink frogs (Lair:6)
  49 slime creatures
  6 dream sheep (Lair:6)
  A fire giant simulacrum (Vaults:2)
  18 bog bodies
  10 hippogriffs
  A meliai zombie (D:15)
  A stone giant simulacrum (Vaults:3)
  15 spriggans
  A redback (shapeshifter) (Depths:5)
  46 tarantellas
  3 spriggans (shapeshifter)
  2 air elementals (Elf:2)
  A tarantella (shapeshifter) (Vaults:4)
  2 vampires
  76 redbacks
  2 shadows
  8 fire elementals
  An ettin skeleton (Vaults:5)
  6 wyverns
  72 yaks
  A wraith (D:11)
  12 water elementals
  2 fire bats (Swamp:4)
  3 basilisks
  A hog (shapeshifter) (Vaults:1)
  4 steam dragons
  10 vampire mosquitoes
  2 chaos spawn (Zot:5)
  7 wargs
  9 insubstantial wisps
  3 acid dragons
  A soldier ant (D:14)
  21 swamp worms
  A soldier ant (shapeshifter) (Vaults:5)
  Menkaure (D:5)
  11 water moccasins
  6 hell hounds
  A floating eye (Depths:4)
  10 porcupines
  5 sky beasts
  A phantom (D:7)
  12 swamp drakes
  46 orc warriors
  3 ice beasts
  A black bear (shapeshifter) (Elf:2)
  A black bear (Lair:3)
  4 necrophages (Swamp:1)
  3 eyes of draining
  20 wolves
  18 ogres
  9 boggarts
  9 crocodiles
  11 centaurs
  Blork the orc (D:5)
  14 bullfrogs
  7 big kobolds
  6 earth elementals
  A glowing shapeshifter simulacrum (Depths:4)
  4 scorpions
  A scorpion (shapeshifter) (Vaults:5)
  34 killer bees
  5 electric eels
  10 wights
  A howler monkey (D:4)
  6 lava snakes
  11 crimson imps
  A bullfrog zombie (D:10)
  11 hounds
  2 quasits
  4 centaur zombies
  20 jellies
  17 orc priests
  An iron imp (Depths:2)
  3 iguanas
  23 orc wizards
  7 worker ants
  A killer bee zombie (D:9)
  A hound zombie (D:11)
  Robin (D:1)
  7 gnolls
  16 adders
  3 shadow imps (Depths:4)
  13 white imps
  3 ufetubi
  An ooze (shapeshifter) (Vaults:5)
  16 oozes
  An adder skeleton (D:4)
  25 worms
  A dart slug (D:3)
  8 leopard geckos
  112 orcs
  8 bats
  12 giant cockroaches
  18 goblins
  9 hobgoblins
  8 jackals
  2 quokkas
  3 ball pythons
  4 frilled lizards
  19 kobolds
  A leopard gecko zombie (D:8)
  A quokka zombie (D:8)
  12 rats
  A bush (D:2)
  A fungus (Lair:5)
  2 plants
2482 creatures vanquished.

Vanquished Creatures (collateral kills)
  A dancing weapon (Elf:2)
1 creature vanquished.

Vanquished Creatures (others)
  2 deep elf master archers (Elf:3)
  A draconian scorcher (Zot:4)
  A fire giant (Vaults:5)
  A deep elf elementalist (Elf:2)
  A stone giant (Vaults:5)
  A fire crab (Swamp:4)
  4 deep elf archers
  2 swamp dragons (Swamp:4)
  An orb spider (Spider:4)
  2 wolf spiders
  A demonic crawler (Spider:3)
  3 redbacks (Spider:3)
  A steam dragon (Swamp:4)
  An insubstantial wisp (Swamp:4)
  4 swamp drakes (Swamp:4)
  An ogre (Vaults:4)
  2 orcs
  4 fire vortices
  14 fungi
  7 plants
  9 toadstools (D:6)
63 creatures vanquished.

Grand Total: 2546 creatures vanquished

Notes
Turn   | Place    | Note
-------+----------+-------------------------------------------
     0 | D:1      | Vectris71 the Gargoyle Fighter began the quest for the Orb.
     0 | D:1      | Reached XP level 1. HP: 14/14 MP: 1/1
   217 | D:1      | Reached XP level 2. HP: 19/19 MP: 2/2
   917 | D:2      | Noticed Robin
   982 | D:1      | Killed Robin
   982 | D:1      | Reached XP level 3. HP: 19/24 MP: 3/3
  1372 | D:2      | Reached XP level 4. HP: 29/29 MP: 4/4
  1591 | D:2      | Reached skill level 4 in Fighting
  1786 | D:2      | Reached XP level 5. HP: 30/33 MP: 5/5
  2974 | D:3      | Reached XP level 6. HP: 32/39 MP: 6/6
  3848 | D:4      | Found an opulent altar of Gozag.
  4095 | D:4      | Found a sparkling altar of Nemelex Xobeh.
  4160 | D:4      | Reached XP level 7. HP: 44/44 MP: 7/7
  4293 | D:4      | Found a shadowy altar of Dithmenos.
  4393 | D:4      | Reached skill level 5 in Armour
  4500 | D:4      | Reached skill level 5 in Fighting
  4504 | D:4      | Found a blossoming altar of Fedhas.
  4660 | D:5      | Entered Level 5 of the Dungeon
  4666 | D:5      | Reached skill level 5 in Shields
  4732 | D:5      | Reached skill level 5 in Maces & Flails
  4746 | D:5      | Noticed Blork the orc
  4766 | D:5      | Killed Blork the orc
  4954 | D:5      | Noticed Menkaure
  4956 | D:5      | Killed Menkaure
  5065 | D:5      | Found a hide-covered altar of Uskayaw.
  5210 | D:5      | Reached XP level 8. HP: 50/50 MP: 8/8
  5695 | D:6      | Found Utukiph's Jewellery Shop.
  5816 | D:6      | Noticed a moth of wrath
  5819 | D:6      | Found a bloodstained altar of Trog.
  5937 | D:6      | Found an iron altar of Okawaru.
  6062 | D:6      | Reached skill level 6 in Fighting
  6381 | D:6      | Noticed a slime creature
  6382 | D:6      | Noticed a slime creature
  6393 | D:6      | Killed a slime creature
  6393 | D:6      | Reached XP level 9. HP: 42/56 MP: 9/9
  7082 | D:6      | Reached skill level 7 in Fighting
  7527 | D:7      | You fall through a shaft for 3 floors!
  7527 | D:10     | Entered Level 10 of the Dungeon
  7527 | D:10     | Found a staircase to the Orcish Mines.
  7527 | D:10     | Noticed a two-headed ogre
  8168 | D:7      | Reached XP level 10. HP: 63/63 MP: 10/10
  8528 | D:7      | Found a deep blue altar of Sif Muna.
  8729 | D:7      | Found a staircase to the Ecumenical Temple.
  8734 | Temple   | Entered the Ecumenical Temple
  8984 | D:6      | Became a worshipper of Warmaster Okawaru
  9428 | D:8      | Reached skill level 8 in Fighting
  9761 | D:8      | Reached * piety under Okawaru
  9975 | D:8      | Found a shimmering altar of Xom.
 10229 | D:9      | Found a sacrificial altar of Ru.
 10690 | D:9      | Reached skill level 10 in Maces & Flails
 10791 | D:9      | Reached ** piety under Okawaru
 10914 | D:10     | Noticed Dysjunc's ghost (journeyman GnNe)
 10970 | D:10     | Killed Dysjunc's ghost
 10970 | D:10     | Reached XP level 11. HP: 68/69 MP: 8/11
 11137 | D:10     | Reached skill level 9 in Fighting
 11167 | D:10     | Found a staircase to the Lair.
 11184 | D:10     | Killed a two-headed ogre
 11509 | D:10     | Reached *** piety under Okawaru
 11822 | D:11     | Noticed a two-headed ogre
 11835 | D:10     | Killed a two-headed ogre
 11922 | Lair:1   | Entered Level 1 of the Lair of Beasts
 12237 | Lair:1   | Reached **** piety under Okawaru
 12245 | Lair:1   | Noticed a six-headed hydra
 12263 | Lair:1   | Killed a six-headed hydra
 12317 | Lair:1   | Noticed Sonja
 12617 | Lair:2   | Found a labyrinth entrance.
 12624 | Lab      | Entered a labyrinth
 12968 | Lab      | Noticed a minotaur
 12999 | Lab      | Killed a minotaur
 13012 | Lab      | Got a smoking plate armour
 13024 | Lab      | Identified the +1 plate armour "Zawev" {rElec rF+ rC++} (You found it in a labyrinth)
 13086 | Lair:2   | Found a hole to the Spider Nest.
 13107 | Lair:2   | Found a staircase to the Swamp.
 13118 | Lair:2   | Found a dark tunnel.
 13127 | Lair:2   | Reached ***** piety under Okawaru
 13145 | Lair:2   | Reached XP level 12. HP: 69/76 MP: 9/12
 13167 | Volcano  | Entered a volcano
 13691 | Lair:2   | Received a gift from Okawaru
 13731 | Lair:2   | Got a bloodstained demon whip {god gift}
 13758 | Lair:2   | Identified the +3 demon whip of Understanding {freeze, rElec} (Okawaru gifted it to you on level 2 of the Lair of Beasts)
 13880 | Lair:2   | Reached skill level 1 in Invocations
 14065 | Lair:2   | Noticed Harold
 14090 | Lair:2   | Killed Harold
 14590 | Lair:3   | Reached skill level 10 in Fighting
 14611 | Lair:3   | Reached skill level 10 in Shields
 14732 | Lair:3   | Received a gift from Okawaru
 15275 | Lair:4   | Reached skill level 11 in Fighting
 15293 | Lair:4   | Reached XP level 13. HP: 84/84 MP: 16/16
 15554 | Lair:4   | Reached skill level 5 in Invocations
 16072 | Lair:4   | Reached skill level 12 in Fighting
 16367 | Lair:5   | Found a viscous altar of Jiyva.
 16367 | Lair:5   | Found a staircase to the Slime Pits.
 17016 | Lair:6   | Entered Level 6 of the Lair of Beasts
 17114 | Lair:6   | Received a gift from Okawaru
 17353 | Lair:6   | Reached skill level 13 in Fighting
 17486 | Lair:6   | Received a gift from Okawaru
 17735 | Lair:6   | Gained mutation: Your large and strong wings let you fly indefinitely. [Gargoyle growth]
 17735 | Lair:6   | Reached XP level 14. HP: 80/94 MP: 15/19
 17815 | Lair:6   | Found the +3 pair of gauntlets of War {Slay+5}
 17816 | Lair:6   | Found a large runed door.
 17906 | Lair:6   | Found a large runed door.
 17972 | Lair:6   | Reached skill level 14 in Fighting
 18019 | Lair:6   | Reached ****** piety under Okawaru
 18683 | Orc:1    | Entered Level 1 of the Orcish Mines
 18693 | Orc:1    | Paralysed by an orc sorcerer for 4 turns
 18867 | Orc:2    | Entered Level 2 of the Orcish Mines
 18867 | Orc:2    | Found a frozen archway.
 18902 | IceCv    | Entered an ice cave
 19272 | IceCv    | Received a gift from Okawaru
 19315 | IceCv    | Noticed a frost giant
 19354 | IceCv    | Killed a frost giant
 19354 | IceCv    | Reached skill level 15 in Fighting
 19781 | Orc:2    | Found Jeqodaul's Assorted Antiques.
 19867 | Orc:2    | Found a roughly hewn altar of Beogh.
 19902 | Orc:2    | Found Fit Lonk's Book Emporium.
 19935 | Orc:2    | Found a roughly hewn altar of Beogh.
 19960 | Orc:2    | Found a staircase to the Elven Halls.
 20090 | Orc:2    | Found a roughly hewn altar of Beogh.
 20150 | Orc:2    | Found a roughly hewn altar of Beogh.
 20198 | Orc:2    | Noticed an orc warlord
 20463 | Orc:1    | Found Umoicvim's Antique Weapon Boutique.
 20466 | Orc:1    | Bought a glowing eveningstar for 378 gold pieces
 20872 | Orc:2    | Found a roughly hewn altar of Beogh.
 20872 | Orc:2    | Found Sopp's Antique Armour Emporium.
 20875 | Orc:2    | Found Xunopety's Antique Weapon Shoppe.
 20926 | Orc:2    | Killed an orc warlord
 20934 | Orc:2    | Paralysed by an orc sorcerer for 6 turns
 20996 | Orc:2    | Found a roughly hewn altar of Beogh.
 21033 | Orc:2    | Found a roughly hewn altar of Beogh.
 21034 | Orc:2    | Found Qece's Weapon Shoppe.
 21114 | Orc:2    | Found a roughly hewn altar of Beogh.
 21689 | Spider:1 | Entered Level 1 of the Spider Nest
 21833 | Swamp:1  | Entered Level 1 of the Swamp
 21881 | Swamp:1  | Noticed a ghoul
 21903 | Swamp:1  | Killed a ghoul
 21903 | Swamp:1  | Reached XP level 15. HP: 81/103 MP: 13/21
 22385 | Swamp:1  | Received a gift from Okawaru
 23626 | Swamp:3  | Received a gift from Okawaru
 23964 | Swamp:3  | Reached skill level 16 in Fighting
 23964 | Swamp:3  | Reached skill level 15 in Shields
 24293 | Swamp:4  | Entered Level 4 of the Swamp
 24349 | Swamp:3  | Reached skill level 15 in Maces & Flails
 24360 | Swamp:3  | Received a gift from Okawaru
 24758 | Swamp:4  | Noticed Donald
 24772 | Swamp:4  | Killed Donald
 24772 | Swamp:4  | Reached XP level 16. HP: 77/111 MP: 10/22
 25135 | Swamp:4  | Reached skill level 1 in Evocations
 25175 | Swamp:4  | Reached skill level 17 in Fighting
 25188 | Swamp:4  | Noticed Bai Suzhen
 25476 | Swamp:4  | Got a decaying rune of Zot
 25553 | Swamp:4  | Killed Bai Suzhen
 25553 | Swamp:4  | Received a gift from Okawaru
 25553 | Swamp:4  | Received a gift from Okawaru
 25577 | Swamp:4  | Got a pair of ancient gloves {god gift}
 25660 | Swamp:4  | Identified the +2 pair of gloves of Honour {+Blink +Inv rC- rN++} (Okawaru gifted it to you on level 4 of the Swamp)
 26783 | Spider:2 | Reached skill level 5 in Evocations
 26994 | Spider:2 | Received a gift from Okawaru
 27293 | Spider:2 | Reached skill level 18 in Fighting
 27916 | Spider:3 | Reached XP level 17. HP: 114/119 MP: 21/23
 28344 | Spider:3 | Reached skill level 19 in Fighting
 28762 | Spider:4 | Entered Level 4 of the Spider Nest
 29130 | Spider:4 | Noticed Arachne
 29167 | Spider:4 | Killed Arachne
 29256 | Spider:4 | Noticed Agnes
 29272 | Spider:4 | Killed Agnes
 29272 | Spider:4 | Received a gift from Okawaru
 29601 | Spider:4 | Reached skill level 10 in Armour
 30199 | Spider:4 | Reached XP level 18. HP: 129/129 MP: 24/24
 30269 | Spider:4 | Reached skill level 20 in Fighting
 30285 | Spider:4 | Received a gift from Okawaru
 30438 | Spider:4 | Got a gossamer rune of Zot
 31159 | D:11     | Noticed Erolcha
 31165 | D:11     | Killed Erolcha
 31827 | D:12     | Noticed Rupert
 31862 | D:12     | Killed Rupert
 32132 | D:12     | Found a sparkling altar of Nemelex Xobeh.
 32219 | D:12     | Found Huty's Antique Armour Emporium.
 32236 | D:12     | Bought a glowing plate armour for 650 gold pieces
 32236 | D:12     | Bought a faintly glowing helmet for 237 gold pieces
 32346 | D:12     | Identified the cursed -5 helmet of Vaxtip {rF+ Dex+5 SInv} (You bought it in a shop on level 12 of the Dungeon)
 33613 | D:14     | Noticed Nessos
 33625 | D:14     | Killed Nessos
 33712 | D:14     | Found Tejilloudo's Assorted Antiques.
 33723 | D:14     | Noticed Urug
 33731 | D:14     | Killed Urug
 34061 | D:14     | Found a gate to the Vaults.
 34231 | Orc:2    | Bought a scroll of enchant armour for 135 gold pieces
 34307 | Orc:2    | Bought a crude chain mail for 256 gold pieces
 34317 | Orc:2    | Identified the +7 chain mail "Awemp" {*Corrode rC++ Regen+ Str+3} (You bought it in a shop on level 2 of the Orcish Mines)
 34502 | D:15     | Entered Level 15 of the Dungeon
 34506 | D:15     | Found an opulent altar of Gozag.
 34595 | D:15     | Received a gift from Okawaru
 34958 | D:15     | Found a staircase to the Depths.
 35064 | D:15     | Reached skill level 21 in Fighting
 35498 | Vaults:1 | Entered Level 1 of the Vaults
 35506 | Vaults:1 | Found a magical portal.
 35656 | Vaults:1 | Reached XP level 19. HP: 137/137 MP: 26/26
 36039 | Vaults:1 | Received a gift from Okawaru
 36127 | Vaults:1 | Reached skill level 10 in Evocations
 36492 | Vaults:1 | Got a slimy granite ring
 36729 | Vaults:1 | Identified the ring of Optimism {*Drain rF+ rN+++ Slay+2 Stlth+} (You found it on level 1 of the Vaults)
 37052 | Vaults:2 | Reached skill level 1 in Dodging
 37744 | Vaults:2 | Reached skill level 22 in Fighting
 37810 | Vaults:2 | Received a gift from Okawaru
 37814 | Vaults:2 | Paralysed by a sphinx for 3 turns
 37819 | Vaults:2 | Paralysed by a sphinx for 7 turns
 38002 | Vaults:2 | Reached XP level 20. HP: 131/145 MP: 24/27
 38419 | Vaults:2 | Noticed Sojobo
 38439 | Vaults:2 | Killed Sojobo
 38528 | Vaults:2 | Found a portal to a secret trove of treasure.
 39208 | D:6      | Bought a +6 ring of evasion for 1170 gold pieces
 39504 | Vaults:2 | You paid a toll of a +6 ring of evasion to enter a treasure trove
 39505 | Trove    | Entered a treasure trove
 39509 | Trove    | Found the +5 robe of Night {Dark MR+ SInv}
 39517 | Trove    | Got a pitted chain mail
 39539 | Trove    | Identified the +5 chain mail of Defiance {rElec Dex-4 Slay+3} (You found it in a treasure trove)
 39541 | Trove    | Got a spiked helmet
 39552 | Trove    | Identified the +0 helmet of Peek-a-Boo {rF- rCorr MP+9} (You found it in a treasure trove)
 39829 | Vaults:3 | Paralysed by a great orb of eyes for 2 turns
 39875 | Vaults:3 | Found Beawoi's Weapon Boutique.
 39946 | Vaults:3 | Found Faipnomp's Armour Emporium.
 40026 | Vaults:3 | Received a gift from Okawaru
 40207 | Vaults:3 | Found Peekunuy's Food Shop.
 40241 | Vaults:3 | Found a staircase to the Crypt.
 40552 | Vaults:3 | Noticed Mennas
 40906 | Vaults:3 | Killed Mennas
 41407 | Vaults:4 | Reached XP level 21. HP: 138/152 MP: 24/29
 41611 | Vaults:4 | Reached skill level 23 in Fighting
 41783 | Vaults:4 | Received a gift from Okawaru
 41855 | Vaults:4 | Reached skill level 15 in Armour
 42133 | Vaults:4 | Received a gift from Okawaru
 42149 | Vaults:4 | Got a bound turquoise ring
 42164 | Vaults:4 | Identified the ring "Nohylel" {rPois rF+ Str-2 Stlth+} (You found it on level 4 of the Vaults)
 42169 | Vaults:4 | Got a twitching lapis lazuli ring
 42170 | Vaults:4 | Identified the ring of the Morning {Ice MP-9 Dex+7} (You found it on level 4 of the Vaults)
 42228 | Vaults:4 | Paralysed by a floating eye for 4 turns
 43457 | Depths:1 | Entered Level 1 of the Depths
 43457 | Depths:1 | Identified a scroll of acquirement
 43556 | Depths:1 | Noticed Louise
 43556 | Depths:1 | Received a gift from Okawaru
 43558 | Depths:1 | Cast into level 3 of the Abyss (Louise)
 43561 | Abyss:3  | Found a corrupted altar of Lugonu.
 43571 | Depths:1 | Escaped the Abyss
 43572 | Depths:1 | Got an ancient plate armour {god gift}
 43587 | Depths:1 | Killed Louise
 43607 | Depths:1 | Identified the +2 plate armour "Gell" {rC+ Int+3 Stlth+} (Okawaru gifted it to you on level 1 of the Depths)
 43638 | Depths:1 | Found a one-way gate to the infinite horrors of the Abyss.
 43693 | Depths:1 | Found a gateway to Hell.
 44538 | Depths:2 | Reached XP level 22. HP: 128/161 MP: 24/31
 44594 | Depths:2 | Found a shattered altar of Ashenzari.
 44647 | Depths:2 | Noticed Asterion
 44665 | Depths:2 | Killed Asterion
 44682 | Depths:2 | Got a distressingly furry shield
 44691 | Depths:2 | Identified the +9 shield of Intuition {SInv} (You took it off Asterion on level 2 of the Depths)
 45018 | Depths:2 | Received a gift from Okawaru
 45070 | Depths:2 | Found a one-way gate leading to the halls of Pandemonium.
 45164 | Depths:2 | Found a gateway to a ziggurat.
 45237 | Depths:2 | Reached skill level 24 in Fighting
 45422 | Depths:2 | Noticed an ancient lich
 45519 | Depths:2 | Killed an ancient lich
 45539 | Depths:2 | Got a twitching bone ring
 45761 | Depths:2 | Paralysed by a floating eye for 3 turns
 45767 | Depths:2 | Paralysed by a floating eye for 4 turns
 45879 | Depths:2 | Paralysed by a floating eye for 2 turns
 45920 | Depths:2 | Identified the ring of Zushafu {rElec MR+ Str+3 Stlth-} (You found it on level 2 of the Depths)
 45926 | Depths:2 | Paralysed by a floating eye for 4 turns
 45932 | Depths:2 | Paralysed by a floating eye for 2 turns
 46018 | Depths:3 | Noticed Frederick
 46030 | Depths:3 | Killed Frederick
 46030 | Depths:3 | Received a gift from Okawaru
 46038 | Depths:3 | Got a faintly humming helmet {god gift}
 46049 | Depths:3 | Identified the +0 helmet of Vythel {rPois rF+} (Okawaru gifted it to you on level 3 of the Depths)
 46071 | Depths:3 | Reached skill level 5 in Dodging
 46823 | Depths:3 | Found a runed door.
 46866 | Depths:3 | Noticed a golden dragon
 46970 | Depths:3 | Reached XP level 23. HP: 144/168 MP: 26/32
 47109 | Depths:3 | Noticed a golden dragon
 47681 | Depths:3 | Received a gift from Okawaru
 47684 | Depths:3 | Got a heavily runed large shield {god gift}
 47888 | Depths:3 | Identified the +7 large shield "Tyotypag" {MR+ Dex+3 Stlth+} (Okawaru gifted it to you on level 3 of the Depths)
 48205 | Depths:3 | Killed a golden dragon
 48343 | Depths:3 | Killed a golden dragon
 48713 | Depths:3 | Reached skill level 25 in Fighting
 48885 | Depths:3 | Noticed a caustic shrike
 48892 | Depths:3 | Killed a caustic shrike
 48958 | Depths:3 | Noticed a golden dragon
 48959 | Depths:3 | Noticed a golden dragon
 48993 | Depths:3 | Killed a golden dragon
 49051 | Depths:3 | Killed a golden dragon
 49051 | Depths:3 | Received a gift from Okawaru
 49081 | Depths:3 | Noticed a caustic shrike
 49094 | Depths:3 | Killed a caustic shrike
 49724 | Elf:1    | Entered Level 1 of the Elven Halls
 50130 | Elf:1    | Received a gift from Okawaru
 50650 | Elf:2    | Found a runed gate.
 50650 | Elf:2    | Found a runed gate.
 50650 | Elf:2    | Found a runed gate.
 50688 | Elf:2    | Reached XP level 24. HP: 176/176 MP: 33/33
 51070 | Elf:2    | Received a gift from Okawaru
 51082 | Elf:2    | Got a dazzling flail {god gift}
 51083 | Elf:2    | Identified the +2 flail "Eviscerator" {antimagic, +Blink} (Okawaru gifted it to you on level 2 of the Elven Halls)
 51249 | Elf:2    | Found Yghuyl's Armour Shoppe.
 51812 | Elf:3    | Entered Level 3 of the Elven Halls
 52203 | Elf:3    | Received a gift from Okawaru
 53135 | Elf:3    | Got a glittering granite ring
 53254 | Elf:3    | Identified the ring of Yrhes {rPois rN+ Dex+4} (You took it off a deep elf death mage on level 3 of the Elven Halls)
 53792 | Vaults:5 | Entered Level 5 of the Vaults
 53806 | Vaults:5 | Reached skill level 26 in Fighting
 53806 | Vaults:5 | Received a gift from Okawaru
 53818 | Vaults:5 | Noticed Jorgrun
 53824 | Vaults:5 | Reached XP level 25. HP: 117/184 MP: 30/33
 54613 | Vaults:5 | Received a gift from Okawaru
 55051 | Vaults:5 | Killed Jorgrun
 55060 | Vaults:5 | Got a scorched iron ring
 55504 | Vaults:4 | Identified the cursed ring "Vecvouz" {rElec rC+ rN+ AC-2} (You took it off a deep elf elementalist on level 5 of the Vaults)
 55745 | Vaults:5 | Identified Hoevag's Papyrus of Dark Arts and Flames
 55926 | Vaults:5 | Found Adiugen's Antique Armour Boutique.
 55927 | Vaults:5 | Found Sita's Book Boutique.
 55931 | Vaults:5 | Found Hahiy's Gadget Shoppe.
 55943 | Vaults:5 | Bought a manual of Dodging for 2649 gold pieces
 55959 | Vaults:5 | Found Zokku's Distillery.
 55963 | Vaults:5 | Bought a potion of haste for 190 gold pieces
 55963 | Vaults:5 | Bought a potion of haste for 190 gold pieces
 55963 | Vaults:5 | Bought a potion of cancellation for 152 gold pieces
 55963 | Vaults:5 | Bought a potion of heal wounds for 95 gold pieces
 55986 | Vaults:5 | Reached skill level 10 in Dodging
 55986 | Vaults:5 | Reached skill level 15 in Evocations
 56102 | Vaults:5 | Got a silver rune of Zot
 56595 | D:11     | Got an ebony flail
 56596 | D:11     | Identified the +0 flail "Ileodgh Jone" {speed, rN+} (You acquired it on level 11 of the Dungeon)
 56838 | Depths:4 | Received a gift from Okawaru
 56852 | Depths:4 | Reached XP level 26. HP: 182/192 MP: 34/34
 56909 | Depths:4 | Noticed Boris
 56972 | Depths:4 | Killed Boris
 57909 | Depths:4 | Reached skill level 27 in Fighting
 58204 | Depths:5 | Entered Level 5 of the Depths
 58889 | Depths:5 | Found a gate to the Realm of Zot.
 58908 | Depths:5 | Received a gift from Okawaru
 59402 | Zot:1    | Entered Level 1 of the Realm of Zot
 60142 | Zot:1    | Reached XP level 27. HP: 199/199 MP: 34/34
 60341 | Zot:1    | Received a gift from Okawaru
 61614 | Zot:2    | Received a gift from Okawaru
 61652 | Zot:2    | Got a warped hat {god gift}
 61816 | Zot:2    | Identified the +0 hat of Wonder {-Tele rPois rN++ Dex+3} (Okawaru gifted it to you on level 2 of the Realm of Zot)
 62943 | Zot:2    | Reached skill level 15 in Dodging
 65254 | Zot:4    | Received a gift from Okawaru
 65958 | Zot:5    | Entered Level 5 of the Realm of Zot
 66080 | Zot:5    | Received a gift from Okawaru
 66083 | Zot:5    | Got a spiked helmet {god gift}
 66129 | Zot:4    | Identified the +1 helmet of Okawaru's Favour {Int+2} (Okawaru gifted it to you on level 5 of the Realm of Zot)
 66247 | Zot:5    | Noticed an ancient lich
 66263 | Zot:5    | Killed an ancient lich
 66397 | Zot:5    | Noticed an ancient lich
 66409 | Zot:4    | Killed an ancient lich
 66486 | Zot:5    | Noticed an ancient lich
 66508 | Zot:4    | Killed an ancient lich
 66664 | Zot:5    | Noticed an orb of fire
 66676 | Zot:5    | Gained mutation: Your body sometimes deteriorates upon taking damage. [an orb of fire]
 66677 | Zot:5    | Gained mutation: You expend magic power (3 MP) to strengthen your wands. [an orb of fire]
 66698 | Zot:5    | Gained mutation: You are robust. (+10% HP) [an orb of fire]
 66699 | Zot:5    | Killed an orb of fire
 66702 | Zot:5    | Received a gift from Okawaru
 66713 | Zot:5    | Got an iridescent dire flail {god gift}
 66799 | Zot:5    | Noticed an orb of fire
 66799 | Zot:5    | Gained mutation: You do not regenerate when monsters are visible. [an orb of fire]
 66805 | Zot:5    | Gained mutation: You are occasionally teleported next to monsters. [an orb of fire]
 66815 | Zot:5    | Killed an orb of fire
 66833 | Zot:5    | Noticed an orb of fire
 66851 | Zot:5    | Killed an orb of fire
 66852 | Zot:5    | Lost mutation: You are occasionally teleported next to monsters. [potion of mutation]
 66852 | Zot:5    | Lost mutation: Your body sometimes deteriorates upon taking damage. [potion of mutation]
 66852 | Zot:5    | Lost mutation: You expend magic power (3 MP) to strengthen your wands. [potion of mutation]
 66852 | Zot:5    | Lost mutation: You are robust. (+10% HP) [potion of mutation]
 66852 | Zot:5    | Gained mutation: You are partially covered in rugged brown scales. (AC +1, +3% HP) [potion of mutation]
 66852 | Zot:5    | Gained mutation: You have sharp toenails. [potion of mutation]
 66852 | Zot:5    | Gained mutation: Your flesh is heat resistant. (rF+) [potion of mutation]
 67032 | Zot:5    | Noticed an ancient lich
 67033 | Zot:5    | Noticed an orb of fire
 67041 | Zot:5    | Noticed an orb of fire
 67068 | Zot:5    | Killed an orb of fire
 67086 | Zot:5    | Gained mutation: You are frail. (-10% HP) [an orb of fire]
 67088 | Zot:5    | Killed an orb of fire
 67111 | Zot:4    | Received a gift from Okawaru
 67298 | Zot:4    | Got an encrusted chain mail {god gift}
 67309 | Zot:4    | Identified the +6 chain mail of Unimaygg {rPois rC+ Str+2 Int+6} (Okawaru gifted it to you on level 4 of the Realm of Zot)
 67340 | Zot:4    | Killed an ancient lich
 67601 | Zot:5    | Noticed Tiamat
 67911 | Zot:4    | Killed Tiamat
 68763 | Zot:5    | Noticed an ancient lich
 68810 | Zot:5    | Killed an ancient lich
 69102 | Zot:5    | Received a gift from Okawaru
 69717 | Zot:5    | Got the Orb of Zot
 70172 | D:7      | Noticed Qeocvyef the pandemonium lord
 70431 | D:$      | Escaped with the Orb!

Vault maps used:
D:1:      ncdulo_watergridlock, serial_forest, infiniplex_forest_diagonal,
          infiniplex_forest_end_1, infiniplex_forest_straight_4,
          infiniplex_forest_straight_5, infiniplex_forest_clump_tiny,
          infiniplex_forest_lined_2, infiniplex_forest_clump_diagonal,
          infiniplex_forest_clump_small
D:2:      serial_forest, infiniplex_forest_lined_3,
          infiniplex_forest_lined_4_way, infiniplex_forest_lined_corner,
          infiniplex_forest_side_room, infiniplex_forest_straight_5,
          infiniplex_forest_pool, infiniplex_forest_lined_2, uniq_robin
D:4:      lemuel_coloured_pillars_altar, marbit_many_paths,
          nicolae_dithmenos_shadow_blocks, first_ration, nemelex_altar_shiori
D:5:      kennysheep_little_box, dk_noncrumbling_2, uniq_menkaure,
          uniq_blork_the_orc
D:6:      cheibrodos_fertilizer, tgw_trog, okawaru_ov_weapons_minmay,
          cheibrodos_sewer_entry_bend, serial_shops, nicolae_shop_trees,
          minmay_misc_feat_doors
D:7:      nicolae_overflow_crystal_walls, minmay_temple_entry_nine_rooms,
          nrook_pool_corridor
D:8:      basic_altar, the_bakery
D:9:      lemuel_doored_altar, eino_small_chamber_without_monster
D:10:     lair_entry_dummy, david_orc_2
D:11:     uniq_erolcha
D:12:     serial_shops, shop_statue, basic_altar,
          einodemon_armed_red_devil_minivault, uniq_rupert
D:13:     nooodl_orcs_dogs
D:14:     david_vaults_5, minmay_misc_feat_diagonals, serial_shops, shop,
          uniq_nessos, uniq_urug
D:15:     grunt_enter_depths_hoard, minmay_misc_feat_enclosed,
          nicolae_gozag_seed_capital
Temple:   eino_temple_water
Lair:1:   uniq_sonja
Lair:2:   swamp_mist_pool, nicolae_spider_entry_non_spiders,
          lightli_volcano_entry_magma_tube, lab_entry_generic,
          grunt_megastairs_3, uniq_harold, uniq_gastronok
Lair:3:   cheibrodos_lair_caveside_slide
Lair:4:   st_stairs_10, minmay_lair_oklob_chamber, lemuel_fruit_tree
Lair:5:   lemuel_slime, dpeg_slime_entry_enclosed_altar
Lair:6:   cheibrodos_lair_end_hotspot
Swamp:1:  infiniplex_staircase_pool_2, swamp_pool3, hangedman_swamp_ravenous
Swamp:2:  infiniplex_staircase_pool
Swamp:3:  nicolae_swamp_dense_foliage, swamp_pool1, hangedman_swamp_dais
Swamp:4:  swamp_fiery, swamp_pool4, uniq_donald, uniq_bai_suzhen
Spider:1: spiders_nest_spider_trap
Spider:3: worms_lemuel
Spider:4: grunt_spider_rune_parallel, uniq_arachne, uniq_agnes
Orc:1:    serial_shops, nicolae_shop_behind_doors
Orc:2:    grunt_orc_community_town_hall, grunt_orc_community_big_house_1,
          grunt_orc_community_big_house_1, grunt_orc_community_house_1,
          grunt_orc_community_house_3, grunt_orc_community_house_2,
          grunt_orc_community_house_1, grunt_orc_community_house_3,
          serial_shops, shop_fountains, portal_ice_cave_entry_imps,
          bh_open_orc_temple
Elf:1:    minmay_elf_arrival_summoners, kennysheep_underground_church,
          serial_sigils_hangedman_gut
Elf:2:    serial_shops, nicolae_shop_waterfront, minmay_fountain_box,
          corexii_hall_statues_i
Elf:3:    minmay_elf_hall_dome
Vaults:1: nicolae_vaults_network_star, ontoclasm_vaults_hangar,
          ontoclasm_vaults_ring_large, v_misc_10, hangedman_vaults_locks,
          ontoclasm_vaults_gallery, v_misc_25, v_misc_13,
          nicolae_vaults_alarming, hangedman_vaults_stitches,
          grunt_vaults_funnel, ontoclasm_vaults_ring_small,
          nicolae_vaults_circle_grid_b, vaults_dpeg_spiral,
          vaults_room_door_ring, mu_enter_wizlab_1
Vaults:2: v_misc_30, vaults_mumra_hex, ontoclasm_vaults_claustrophobia,
          vaults_dpeg_hooks, ontoclasm_vaults_tryst, vaults_room_corners,
          st_lattice, v_pattern_5, v_misc_4, v_misc_26,
          nicolae_trove_entry_path_of_doom, uniq_sojobo
Vaults:3: hangedman_vaults_pinch, hangedman_vaults_nodes, ontoclasm_vaults_chip,
          minmay_crypt_entry_simple_round, v_misc_9, v_misc_17, v_misc_8,
          dpeg_vaults_monster_box, vaults_room_fours, st_smaller_cells,
          hangedman_vaults_stretched_pinwheel, serial_shops, shop,
          nicolae_shop_window_shopping, shop, uniq_mennas
Vaults:4: v_alt_pattern_6, st_greater_box_2, dpeg_vaults_monster_row,
          nicolae_vaults_network_square, nicolae_vaults_little_ls,
          nicolae_vaults_little_squares_2, v_misc_27,
          nicolae_vaults_circle_grid_a, nicolae_vaults_angled_halls,
          ontoclasm_vaults_shuriken
Vaults:5: serial_shops, uniq_jorgrun
Depths:1: nicolae_abyss_entry_one_way_or_another, pf_hell_entry_tar_spiral,
          kennysheep_generic_room_7, grunt_megastairs_1, firewood_loft
Depths:2: cheibrodos_cascadia, enter_ziggurat_d, hellmouth_3,
          rand_demon_pan_entry_4, grunt_decor_cap, evilmike_ruin_ashenzari,
          infiniplex_staircase_x, uniq_asterion
Depths:3: box_level_dp, serial_shops, hell_entry, pan_entry, uniq_frederick
Depths:4: evilmike_cross, roderic_lattice_a, grunt_pan_entry_zigzag, hell_entry,
          abyss_entry, minivault_16, uniq_boris
Depths:5: grunt_zot_entry_tricorne, grunt_decor_fettered, hangedman_coc_ice_floe
Zot:2:    st_large_dragon_hoard_4
Zot:5:    uniq_tiamat
Abyss:3:  nicolae_abyss_rune_left_handed
Lab:      labyrinth_watery, nicolae_lab_arrow, lab_statue
Trove:    trove_armour_2
IceCv:    ice_cave_small_giant
Volcano:  volcano_aerie

Skill      XL: |  1  2  3  4  5  6  7  8  9 10 11 12 13 14 15 16 17 18 19 20 21 22 23 24 25 26 27 |
---------------+----------------------------------------------------------------------------------+-----
Armour         | 4 5 6 7 8 9 10 12 13 14 16 17 19 20 21 23 26 | 26.0
Shields        | 4 5 6 7 8 9 10 11 13 15 16 17 | 17.5
Fighting       | 4 5 6 7 8 9 11 13 15 16 18 19 21 22 23 24 25 26 27 | 27.0
Maces & Flails | 3 4 5 7 8 10 13 14 15 16 20 | 20.6
Invocations    | 4 7 8 |  8.0
Evocations     | 6 7 9 10 11 12 13 14 15 | 15.0
Dodging        | 3 5 7 8 10 13 17 | 17.5

Action                   |  1- 3 |  4- 6 |  7- 9 | 10-12 | 13-15 | 16-18 | 19-21 | 22-24 | 25-27 || total
-------------------------+-------+-------+-------+-------+-------+-------+-------+-------+-------++-------
Melee: Flail             |   102 |   269 |   312 |   748 |       |       |       |       |       ||  1431
       Demon whip        |       |       |       |   205 |  1638 |  2179 |  1620 |  1578 |  3251 || 10471
 Fire: Hunting sling     |       |   105 |    64 |     7 |       |       |       |       |       ||   176
Throw: Stone             |       |     5 |       |       |       |       |       |       |       ||     5
       Throwing net      |       |       |       |     2 |       |       |     1 |       |       ||     3
       Javelin           |       |       |       |       |    16 |       |       |       |       ||    16
Invok: Heroism           |       |       |       |     2 |     6 |     4 |     7 |     2 |    10 ||    31
       Finesse           |       |       |       |       |     4 |     3 |     5 |     2 |     7 ||    21
 Abil: Fly               |       |       |       |       |     3 |       |       |       |     2 ||     5
       Stop Flying       |       |       |       |       |     2 |       |       |       |     2 ||     4
Evoke: Wand              |       |       |       |       |       |       |     3 |     1 |    15 ||    19
       Phial of floods   |       |       |       |       |       |       |       |     1 |     1 ||     2
       Sack of spiders   |       |       |       |       |       |       |       |     1 |     1 ||     2
       Box of beasts     |       |       |       |       |       |       |       |       |     1 ||     1
  Use: Potion            |     1 |     1 |     1 |       |     1 |       |     1 |     1 |    13 ||    19
       Scroll            |       |       |     7 |     8 |    14 |    15 |     4 |    27 |    22 ||    97
 Stab: Held in net/web   |       |       |       |     1 |       |       |       |       |       ||     1
       Paralysed         |       |       |       |       |       |       |     2 |       |       ||     2
       Distracted        |       |       |       |       |       |       |       |     1 |     2 ||     3
  Eat: Chunk             |     2 |     8 |    11 |    17 |    24 |    27 |    18 |    26 |    36 ||   169
       Ration            |       |       |     1 |     2 |     2 |     4 |     3 |     2 |     5 ||    19
Armor: Scale mail        |    88 |   122 |     6 |       |       |       |       |       |       ||   216
       Chain mail        |       |       |   139 |       |       |   114 |   418 |   128 |       ||   799
       Plate armour      |       |       |       |   419 |   729 |  1320 |   224 |       |       ||  2692
       Crystal plate arm |       |       |       |       |       |       |       |   314 |  1263 ||  1577
Dodge: Dodged            |    32 |    74 |    63 |   129 |   250 |   404 |   307 |   190 |   632 ||  2081
Block: Shield            |    72 |   126 |   157 |   406 |   444 |  1122 |   817 |   823 |  2183 ||  6150
       Buckler           |       |       |       |       |   154 |    61 |       |       |       ||   215
       Reflection        |       |       |       |       |       |       |       |    69 |    51 ||   120

Table legend:
 A = Spawn XP
 B = Non-spawn XP
 C = Spawn XP percentage of total XP
 D = Spawn monster count
 E = Non-spawn monster count
 F = Spawn count percentage of total count
 G = Total turns spent on level
                    A         B        C        D         E        F      G
               +---------+---------+-------+---------+---------+-------+---------
         Total |       0 | 1755534 |   0.0 |       0 |    2484 |   0.0 | 70431
               +---------+---------+-------+---------+---------+-------+---------
           D:1 |       0 |      83 |   0.0 |       0 |      28 |   0.0 |  1482
           D:2 |       0 |     185 |   0.0 |       0 |      40 |   0.0 |  1298
           D:3 |       0 |     110 |   0.0 |       0 |      28 |   0.0 |   621
           D:4 |       0 |     394 |   0.0 |       0 |      18 |   0.0 |  1501
           D:5 |       0 |     933 |   0.0 |       0 |      22 |   0.0 |  1169
           D:6 |       0 |    1897 |   0.0 |       0 |      48 |   0.0 |  1651
           D:7 |       0 |    1278 |   0.0 |       0 |      27 |   0.0 |  1468
           D:8 |       0 |    1918 |   0.0 |       0 |      31 |   0.0 |   924
           D:9 |       0 |    1428 |   0.0 |       0 |      19 |   0.0 |   909
          D:10 |       0 |    4268 |   0.0 |       0 |      31 |   0.0 |  1328
          D:11 |       0 |    6464 |   0.0 |       0 |      35 |   0.0 |  1229
          D:12 |       0 |    9822 |   0.0 |       0 |      37 |   0.0 |  1525
          D:13 |       0 |    6219 |   0.0 |       0 |      37 |   0.0 |   803
          D:14 |       0 |   12692 |   0.0 |       0 |      35 |   0.0 |  1088
          D:15 |       0 |   21370 |   0.0 |       0 |      50 |   0.0 |  1221
        Lair:1 |       0 |    3239 |   0.0 |       0 |      11 |   0.0 |  1179
        Lair:2 |       0 |    6790 |   0.0 |       0 |      37 |   0.0 |  1230
        Lair:3 |       0 |    3872 |   0.0 |       0 |      21 |   0.0 |   702
        Lair:4 |       0 |    8837 |   0.0 |       0 |      33 |   0.0 |   860
        Lair:5 |       0 |    5395 |   0.0 |       0 |      41 |   0.0 |  1012
        Lair:6 |       0 |   17639 |   0.0 |       0 |      54 |   0.0 |  1485
       Swamp:1 |       0 |   13389 |   0.0 |       0 |      31 |   0.0 |  1068
       Swamp:2 |       0 |    6032 |   0.0 |       0 |      23 |   0.0 |   730
       Swamp:3 |       0 |   17552 |   0.0 |       0 |      35 |   0.0 |  1124
       Swamp:4 |       0 |   26249 |   0.0 |       0 |      54 |   0.0 |  1044
      Spider:1 |       0 |   15186 |   0.0 |       0 |      41 |   0.0 |   676
      Spider:2 |       0 |   23275 |   0.0 |       0 |      68 |   0.0 |  1531
      Spider:3 |       0 |   16361 |   0.0 |       0 |      62 |   0.0 |   791
      Spider:4 |       0 |   49355 |   0.0 |       0 |      93 |   0.0 |  1638
         Orc:1 |       0 |    1280 |   0.0 |       0 |      12 |   0.0 |   491
         Orc:2 |       0 |    9478 |   0.0 |       0 |      91 |   0.0 |  1594
         Elf:1 |       0 |   23524 |   0.0 |       0 |      39 |   0.0 |   879
         Elf:2 |       0 |   58722 |   0.0 |       0 |      87 |   0.0 |  1263
         Elf:3 |       0 |   52908 |   0.0 |       0 |      46 |   0.0 |  1683
      Vaults:1 |       0 |   39551 |   0.0 |       0 |      68 |   0.0 |  1898
      Vaults:2 |       0 |   74273 |   0.0 |       0 |     101 |   0.0 |  1938
      Vaults:3 |       0 |   62252 |   0.0 |       0 |      87 |   0.0 |  1579
      Vaults:4 |       0 |   80745 |   0.0 |       0 |      80 |   0.0 |  2362
      Vaults:5 |       0 |  162713 |   0.0 |       0 |     125 |   0.0 |  2321
      Depths:1 |       0 |   13232 |   0.0 |       0 |      16 |   0.0 |  1173
      Depths:2 |       0 |   70848 |   0.0 |       0 |      78 |   0.0 |  1693
      Depths:3 |       0 |  153413 |   0.0 |       0 |     144 |   0.0 |  3112
      Depths:4 |       0 |   86570 |   0.0 |       0 |      82 |   0.0 |  1466
      Depths:5 |       0 |   50726 |   0.0 |       0 |      44 |   0.0 |  1497
         Zot:1 |       0 |   63315 |   0.0 |       0 |      41 |   0.0 |  1295
         Zot:2 |       0 |  116354 |   0.0 |       0 |      68 |   0.0 |  2614
         Zot:3 |       0 |   29504 |   0.0 |       0 |      21 |   0.0 |  1218
         Zot:4 |       0 |  123294 |   0.0 |       0 |      52 |   0.0 |  2617
         Zot:5 |       0 |  185504 |   0.0 |       0 |      61 |   0.0 |  2375
           Lab |       0 |    2223 |   0.0 |       0 |       4 |   0.0 |   455
         IceCv |       0 |    9829 |   0.0 |       0 |      36 |   0.0 |   849
       Volcano |       0 |    3044 |   0.0 |       0 |      11 |   0.0 |   457
               +---------+---------+-------+---------+---------+-------+---------
